 Dungeon Crawl Stone Soup version 0.16.2-12-gd0ad4c3 (webtiles) character file.

694 magipi the Cleaver (level 7, -1/55 HPs)
             Began as a Ghoul Gladiator on Mar 20, 2016.
             Slain by an ogre
             ... wielding a +0 giant club
              (14 damage)
             ... on level 5 of the Dungeon.
             The game lasted 00:23:36 (3289 turns).

magipi the Cleaver (Ghoul Gladiator)                Turns: 3289, Time: 00:23:36

Health: -1/55      AC: 10    Str: 19    XL:     7   Next: 64%
Magic:  5/5        EV:  8    Int:  4    God:
Gold:   29         SH:  0    Dex: 10    Spells: 0 memorised, 6 levels left

rFire  . . .     SeeInvis +     a - +0 war axe
rCold  + . .     Clarity  .     k - +0 chain mail
rNeg   + + +     SustAb   .     (no shield)
rPois  ∞         Gourm    .     c - +1 helmet
rElec  .         Spirit   .     (no cloak)
rCorr  .         Warding  .     (no gloves)
rMut   .         Stasis   .     (no boots)
MR     +....                    (no amulet)
Stlth  ..........               i - ring of see invisible
                                q - ring of protection from magic

@: flying, rotting, somewhat resistant to hostile enchantments, extremely
unstealthy
A: rotting body, claws 1, carnivore 3, cold resistance 1, negative energy
resistance 3, poison resistance, slow healing 1, torment resistance, unbreathing
a: no special abilities


You were on level 5 of the Dungeon.
You were not hungry.

You visited 1 branch of the dungeon, and saw 5 of its levels.
You also visited: Sewer.

You collected 155 gold pieces.
You spent 126 gold pieces at shops.

Inventory:

Hand weapons
 a - a +0 war axe (weapon)
Missiles
 d - 2 throwing nets
 l - 3 poisoned needles
 u - 3 tomahawks (quivered)
Armour
 c - a +1 helmet (worn)
 k - a +0 chain mail (worn)
Jewellery
 i - a ring of see invisible (right claw)
 q - a ring of protection from magic (left claw)
Magical devices
 w - a wand of paralysis (8)
Scrolls
 p - 2 scrolls of fog
 r - 3 scrolls of teleportation
 s - 2 scrolls of immolation {unknown}
 t - a scroll of amnesia {unknown}
 v - a scroll of magic mapping
 y - a scroll of silence {unknown}
 z - a scroll of remove curse
Potions
 e - a potion of berserk rage {unknown}
 h - a potion of restore abilities
 j - a potion of brilliance {unknown}
 m - 2 potions of flight
 n - 5 potions of curing
 o - 2 potions of magic
Comestibles
 g - 3 meat rations
 x - a beef jerky


   Skills:
 - Level 2.1 Fighting
 + Level 8.0 Axes
 - Level 1.7 Throwing
 - Level 2.6 Dodging


You had 6 spell levels left.
You didn't know any spells.

Dungeon Overview and Level Annotations

Branches:
Dungeon (5/15)
 Temple: D:4-7

Altars:
Fedhas
Qazlal
Ru

Shops:
D:5 *


Innate Abilities, Weirdness & Mutations

Your body is rotting away.
You thrive on raw meat.
You have sharp fingernails.
You are carnivorous and can eat meat at any time.
Your flesh is cold resistant.
You are immune to negative energy.
Your system is resistant to poisons.
You heal slowly when monsters are visible.
You are immune to unholy pain and torment.
You can survive without breathing.

Vault maps used:
D:1:      lightli_arrival_windingriver
D:2:      lemuel_round_altar, fedhas_altar_1
D:3:      lemuel_crystal_altar, lightli_sewer_entry_pipes, serial_bayou_pond_e
D:4:      minmay_temple_entry_nine_rooms, minmay_misc_feat_alley,
          nrook_mini_backslash, roderic_filled_cross, minmay_bisected,
          uniq_pikel
D:5:      serial_shops, kennysheep_little_box, first_bread
Sewer:    sewer_co_15_rooms


Message History

Unknown command.
You see here a goblin corpse.
You butcher the goblin corpse.
f - 3 chunks of flesh (gained 2) Eat one of 3 chunks of flesh? (ye/n/q/i?)
You feel more resilient.
This raw flesh tastes great!
You continue eating. x2
Put on which piece of jewellery? (? for menu, Esc to quit)
You're wearing all the rings you can.
Remove which one? (? for menu, Esc to cancel) < or
b - a ring of magical power; > or
i - a ring of see invisible You remove your ring of magical power.
You feel your magic capacity decrease.
q - a ring of protection from magic (left claw) Drop what? 27/52 slots (_ for help) (? for menu, Esc to quit)
You drop an uncursed ring of magical power.
Put on which piece of jewellery? (? for menu, Esc to quit)
You're wearing all the rings you can.
Remove which one? (? for menu, Esc to cancel) < or
q - a ring of protection from magic > or
i - a ring of see invisible You remove your ring of see invisible.
A - a ring of stealth (right claw) Drop what? 26/52 slots (_ for help) (? for menu, Esc to quit)
You remove your ring of stealth.
You drop an uncursed ring of stealth.
Put on which piece of jewellery? (? for menu, Esc to quit)
i - a ring of see invisible (right claw)
Found 15 stones.
r - 3 scrolls of teleportation (gained 1)
Found a bread ration.
Found a mace.
Found 19 stones.
Found a stone staircase leading up.
There is a stone staircase leading up here.
You climb upwards.
There is a stone staircase leading down here.
There is a stone staircase leading down here.
There is an open door here.
You see here a club.
You open the door.
There is an open door here.
A slave comes into view.
There is an open door here.
You see here a club.
There is an open door here.
There is a stone staircase leading down here.
You climb downwards.
There is a stone staircase leading up here.
Found a stone staircase leading down.
A kobold comes into view. It is wielding a dagger.
The kobold throws a stone.
The stone closely misses you.
You see here a stone.
The kobold throws a stone.
The stone hits you but does no damage.
You see here a stone.
The kobold throws a stone.
The stone hits you but does no damage.
You see here a stone.
The kobold throws a stone.
The stone hits you but does no damage.
The kobold throws a stone.
The stone hits you.
You see here a stone.
The kobold hits you but does no damage.
You slash the kobold!
You kill the kobold!
Things that are here:
a dagger; a kobold corpse All of the chunks of flesh in your inventory have rotted away.
Found a potion of curing.
A hobgoblin and an ogre come into view.
The hobgoblin shouts!
You slash the hobgoblin!
You kill the hobgoblin!
Things that are here:
a club; a hobgoblin corpse You hit the ogre.
The ogre is lightly wounded.
The ogre barely misses you.
You barely miss the ogre.
The ogre is lightly wounded.
The ogre hits you with a giant club!!
Unknown command.
You slash the ogre!
The ogre is heavily wounded.
You slash the ogre!
The ogre is almost dead.
The ogre hits you with a giant club!
Unknown command.
Things that are here:
a club; a hobgoblin corpse Evoke which item? (* to show all) (? for menu, Esc to quit)
Okay, then.
The ogre hits you with a giant club!!
* * * LOW HITPOINT WARNING * * *
Drink which item? (? for menu, Esc to quit)
Okay, then.
Drink which item? (? for menu, Esc to quit)
It was a potion of flight.
You feel very buoyant.
You fly up into the air.
Drink which item? (? for menu, Esc to quit)
You feel better. The ogre hits you with a giant club!
You die...

,,,,* ##*#.## ,,,** #..,..# #
,,,* ##...#.## ### ,,**
*#.......# ###.. ,** *#......#)##
##...# ,* **.......#..## ###..###
** *,.......##..# ###...## *
**,.......*#.O##### ##...#.#**
**,,,......,##.@##.###..#.....#*
*,,,,,.....,*#..#......##......#
**,,,,,,....,*##......#####.....#
*,,,,,,,,,,.,* #......## #......
*,,,,,,,,,,,,* ##......## ##.....
,,,,,,,,,,,,,* #.......# ##..#*
,,,,,,,,,,,,,* ##.......## *##*
*,,,,,,,,,,,** #.........#
**,,,,,,,,,<* #.........## **


You could see an ogre.

Table legend:
 A = Kills in this place as a percentage of kills in entire the game.
 B = Kills by you in this place as a percentage of kills by you in the entire game.
 C = Kills by friends in this place as a percentage of kills by friends in the entire game.
 D = Other kills in this place as a percentage of other kills in the entire game.
 E = Experience gained in this place as a percentage of experience gained in the entire game.
 F = Experience gained in this place divided by the number of levels of this place that you have seen.
                   A       B       C       D       E      F
               +-------+-------+-------+-------+-------+----------------------
         Total | 100.0 | 100.0 |  -nan |  -nan | 100.0 | 165.3
       Dungeon |  81.8 |  81.8 |  -nan |  -nan |  67.6 | 134.2
         Sewer |  18.2 |  18.2 |  -nan |  -nan |  32.4 | 321.0
               +-------+-------+-------+-------+-------+----------------------

Vanquished Creatures
  An ogre (D:4)
  A centaur (D:4)
  3 big kobolds (Sewer)
  3 hounds
  2 worker ants
  4 gnolls
  A river rat (Sewer)
  4 adders
  A shadow imp (D:5)
  3 worms
  2 giant geckos
  3 oozes
  2 orcs (D:3)
  4 ball pythons (Sewer)
  A bat zombie (D:5)
  11 goblins
  7 hobgoblins
  7 jackals (D:3)
  11 kobolds
  2 quokkas
  7 bats
  7 giant cockroaches
  A giant newt (D:1)
  A quokka zombie (D:5)
  10 rats
99 creatures vanquished.

Notes
Turn   | Place    | Note
--------------------------------------------------------------
     0 | D:1      | magipi, the Ghoul Gladiator, began the quest for the Orb.
     0 | D:1      | Reached XP level 1. HP: 17/17 MP: 1/1
   100 | D:1      | Reached skill level 3 in Axes
   134 | D:1      | Reached XP level 2. HP: 15/24 MP: 2/2
   465 | D:1      | Reached XP level 3. HP: 25/28 MP: 3/3
   671 | D:2      | Found a sacrificial altar of Ru.
   810 | D:2      | Found a blossoming altar of Fedhas.
  1112 | D:3      | Found a glowing drain.
  1120 | Sewer    | Entered a sewer
  1137 | Sewer    | Reached skill level 4 in Axes
  1178 | Sewer    | Noticed a big kobold
  1179 | Sewer    | Noticed a big kobold
  1191 | Sewer    | Killed a big kobold
  1191 | Sewer    | Reached XP level 4. HP: 28/36 MP: 3/3
  1211 | Sewer    | Killed a big kobold
  1211 | Sewer    | Reached skill level 5 in Axes
  1211 | Sewer    | Reached XP level 5. HP: 23/41 MP: 4/4
  1400 | Sewer    | Noticed a big kobold
  1417 | Sewer    | Killed a big kobold
  1417 | Sewer    | Reached skill level 6 in Axes
  1417 | Sewer    | Reached XP level 6. HP: 30/48 MP: 5/5
  1774 | D:3      | Found a stormy altar of Qazlal.
  2330 | D:4      | Reached skill level 7 in Axes
  2330 | D:4      | Reached XP level 7. HP: 46/55 MP: 5/5
  2770 | D:5      | Entered Level 5 of the Dungeon
  2820 | D:5      | Found Bed Xipp's General Store.
  2825 | D:5      | Bought a scroll of remove curse for 42 gold pieces
  2825 | D:5      | Bought a scroll of teleportation for 42 gold pieces
  2825 | D:5      | Bought a scroll of fog for 28 gold pieces
  2825 | D:5      | Bought a potion of poison for 14 gold pieces
  2876 | D:5      | Got a jewelled leather armour
  2887 | D:5      | Identified the +2 leather armour of Joiduuv {MP+9} (You found it on level 5 of the Dungeon)
  3018 | D:5      | Reached skill level 8 in Axes
  3286 | D:5      | HP: 2/55 [ogre/giant club (22)]
  3289 | D:5      | Slain by an ogre

Action                   |  1- 3 |  4- 6 |  7- 9 || total
-------------------------+-------+-------+-------++-------
Melee: War axe           |    88 |   219 |    69 ||   376
Throw: Throwing net      |     2 |     2 |       ||     4
       Tomahawk          |       |       |     4 ||     4
  Use: Scroll            |       |       |     6 ||     6
       Potion            |       |       |     5 ||     5
  Eat: Chunk             |    13 |    20 |     8 ||    41

Action                   |  1- 3 |  4- 6 |  7- 9 || total
-------------------------+-------+-------+-------++-------
Melee: War axe           |    88 |   219 |    69 ||   376
Throw: Throwing net      |     2 |     2 |       ||     4
       Tomahawk          |       |       |     4 ||     4
  Use: Scroll            |       |       |     6 ||     6
       Potion            |       |       |     5 ||     5
  Eat: Chunk             |    13 |    20 |     8 ||    41

Action                   |  1- 3 |  4- 6 |  7- 9 || total
-------------------------+-------+-------+-------++-------
Melee: War axe           |    88 |   219 |    69 ||   376
Throw: Throwing net      |     2 |     2 |       ||     4
       Tomahawk          |       |       |     4 ||     4
  Use: Scroll            |       |       |     6 ||     6
       Potion            |       |       |     5 ||     5
  Eat: Chunk             |    13 |    20 |     8 ||    41
